Workbook

Sheet Resumo
A1: Rentabilidade por serviço — Resumo
A2: =IF(OR('Parâmetros'!$B$2="",'Parâmetros'!$B$3=""),"ALERTA: informe o período",IF('Parâmetros'!$B$3<'Parâmetros'!$B$2,"ALERTA: data final anterior à inicial",""))
A3: Data inicial | B3: ='Parâmetros'!B2 | C3: Data final | D3: ='Parâmetros'!B3
A5: Indicador | B5: Resultado | C5: Valor complementar
A6: Serviços cadastrados | B6: =COUNTIF('Serviços'!$B$2:$B$151,"<>")
A7: Serviços com volume maior que zero | B7: =COUNTIFS('Serviços'!$B$2:$B$151,"<>",'Serviços'!$I$2:$I$151,">0")
A8: Receita no período | B8: =SUM('Serviços'!$Q$2:$Q$151)
A9: Custo direto no período | B9: =SUM('Serviços'!$R$2:$R$151)
A10: Resultado direto no período | B10: =SUM('Serviços'!$S$2:$S$151)
A11: Margem ponderada | B11: =IF(B8=0,"Sem receita no período",IFERROR(B10/B8,"Sem receita no período"))
A12: Horas consumidas | B12: =IFERROR(SUMPRODUCT('Serviços'!$E$2:$E$151,'Serviços'!$I$2:$I$151)/60,0)
A13: Resultado por hora | B13: =IF(B12=0,"Sem horas no período",IFERROR(B10/B12,"Sem horas no período"))
A14: Serviços abaixo da meta de margem | B14: =SUMPRODUCT(--('Serviços'!$B$2:$B$151<>""),--ISNUMBER('Serviços'!$N$2:$N$151),--IFERROR('Serviços'!$N$2:$N$151<'Parâmetros'!$B$5,FALSE))
A15: Serviços abaixo da meta de resultado por hora | B15: =SUMPRODUCT(--('Serviços'!$B$2:$B$151<>""),--ISNUMBER('Serviços'!$P$2:$P$151),--IFERROR('Serviços'!$P$2:$P$151<'Parâmetros'!$B$6,FALSE))
A16: Serviços dentro das duas metas | B16: =SUMPRODUCT(--('Serviços'!$B$2:$B$151<>""),--ISNUMBER('Serviços'!$N$2:$N$151),--ISNUMBER('Serviços'!$P$2:$P$151),--IFERROR('Serviços'!$N$2:$N$151>='Parâmetros'!$B$5,FALSE),--IFERROR('Serviços'!$P$2:$P$151>='Parâmetros'!$B$6,FALSE))
A17: Maior resultado unitário | B17: =IF(COUNT('Serviços'!$M$2:$M$151)=0,"Sem dados",IFERROR(INDEX('Serviços'!$B$2:$B$151,MATCH(MAX('Serviços'!$M$2:$M$151),'Serviços'!$M$2:$M$151,0)),"Sem dados")) | C17: =IF(COUNT('Serviços'!$M$2:$M$151)=0,"",MAX('Serviços'!$M$2:$M$151))
A18: Menor resultado unitário | B18: =IF(COUNT('Serviços'!$M$2:$M$151)=0,"Sem dados",IFERROR(INDEX('Serviços'!$B$2:$B$151,MATCH(MIN('Serviços'!$M$2:$M$151),'Serviços'!$M$2:$M$151,0)),"Sem dados")) | C18: =IF(COUNT('Serviços'!$M$2:$M$151)=0,"",MIN('Serviços'!$M$2:$M$151))
A21: Categoria | B21: Receita no período | C21: Custo direto no período | D21: Resultado no período | E21: Margem ponderada | F21: Horas consumidas
A22: ='Parâmetros'!D2 | B22: =SUMIF('Serviços'!$C$2:$C$151,$A22,'Serviços'!$Q$2:$Q$151) | C22: =SUMIF('Serviços'!$C$2:$C$151,$A22,'Serviços'!$R$2:$R$151) | D22: =SUMIF('Serviços'!$C$2:$C$151,$A22,'Serviços'!$S$2:$S$151) | E22: =IF(B22=0,"Sem receita",IFERROR(D22/B22,"Sem receita")) | F22: =IFERROR(SUMPRODUCT(--('Serviços'!$C$2:$C$151=$A22),'Serviços'!$E$2:$E$151,'Serviços'!$I$2:$I$151)/60,0)
A23: ='Parâmetros'!D3 | B23: =SUMIF('Serviços'!$C$2:$C$151,$A23,'Serviços'!$Q$2:$Q$151) | C23: =SUMIF('Serviços'!$C$2:$C$151,$A23,'Serviços'!$R$2:$R$151) | D23: =SUMIF('Serviços'!$C$2:$C$151,$A23,'Serviços'!$S$2:$S$151) | E23: =IF(B23=0,"Sem receita",IFERROR(D23/B23,"Sem receita")) | F23: =IFERROR(SUMPRODUCT(--('Serviços'!$C$2:$C$151=$A23),'Serviços'!$E$2:$E$151,'Serviços'!$I$2:$I$151)/60,0)
A24: ='Parâmetros'!D4 | B24: =SUMIF('Serviços'!$C$2:$C$151,$A24,'Serviços'!$Q$2:$Q$151) | C24: =SUMIF('Serviços'!$C$2:$C$151,$A24,'Serviços'!$R$2:$R$151) | D24: =SUMIF('Serviços'!$C$2:$C$151,$A24,'Serviços'!$S$2:$S$151) | E24: =IF(B24=0,"Sem receita",IFERROR(D24/B24,"Sem receita")) | F24: =IFERROR(SUMPRODUCT(--('Serviços'!$C$2:$C$151=$A24),'Serviços'!$E$2:$E$151,'Serviços'!$I$2:$I$151)/60,0)
A25: ='Parâmetros'!D5 | B25: =SUMIF('Serviços'!$C$2:$C$151,$A25,'Serviços'!$Q$2:$Q$151) | C25: =SUMIF('Serviços'!$C$2:$C$151,$A25,'Serviços'!$R$2:$R$151) | D25: =SUMIF('Serviços'!$C$2:$C$151,$A25,'Serviços'!$S$2:$S$151) | E25: =IF(B25=0,"Sem receita",IFERROR(D25/B25,"Sem receita")) | F25: =IFERROR(SUMPRODUCT(--('Serviços'!$C$2:$C$151=$A25),'Serviços'!$E$2:$E$151,'Serviços'!$I$2:$I$151)/60,0)
A26: ='Parâmetros'!D6 | B26: =SUMIF('Serviços'!$C$2:$C$151,$A26,'Serviços'!$Q$2:$Q$151) | C26: =SUMIF('Serviços'!$C$2:$C$151,$A26,'Serviços'!$R$2:$R$151) | D26: =SUMIF('Serviços'!$C$2:$C$151,$A26,'Serviços'!$S$2:$S$151) | E26: =IF(B26=0,"Sem receita",IFERROR(D26/B26,"Sem receita")) | F26: =IFERROR(SUMPRODUCT(--('Serviços'!$C$2:$C$151=$A26),'Serviços'!$E$2:$E$151,'Serviços'!$I$2:$I$151)/60,0)
A27: ='Parâmetros'!D7 | B27: =SUMIF('Serviços'!$C$2:$C$151,$A27,'Serviços'!$Q$2:$Q$151) | C27: =SUMIF('Serviços'!$C$2:$C$151,$A27,'Serviços'!$R$2:$R$151) | D27: =SUMIF('Serviços'!$C$2:$C$151,$A27,'Serviços'!$S$2:$S$151) | E27: =IF(B27=0,"Sem receita",IFERROR(D27/B27,"Sem receita")) | F27: =IFERROR(SUMPRODUCT(--('Serviços'!$C$2:$C$151=$A27),'Serviços'!$E$2:$E$151,'Serviços'!$I$2:$I$151)/60,0)
A28: ='Parâmetros'!D8 | B28: =SUMIF('Serviços'!$C$2:$C$151,$A28,'Serviços'!$Q$2:$Q$151) | C28: =SUMIF('Serviços'!$C$2:$C$151,$A28,'Serviços'!$R$2:$R$151) | D28: =SUMIF('Serviços'!$C$2:$C$151,$A28,'Serviços'!$S$2:$S$151) | E28: =IF(B28=0,"Sem receita",IFERROR(D28/B28,"Sem receita")) | F28: =IFERROR(SUMPRODUCT(--('Serviços'!$C$2:$C$151=$A28),'Serviços'!$E$2:$E$151,'Serviços'!$I$2:$I$151)/60,0)
A29: ='Parâmetros'!D9 | B29: =SUMIF('Serviços'!$C$2:$C$151,$A29,'Serviços'!$Q$2:$Q$151) | C29: =SUMIF('Serviços'!$C$2:$C$151,$A29,'Serviços'!$R$2:$R$151) | D29: =SUMIF('Serviços'!$C$2:$C$151,$A29,'Serviços'!$S$2:$S$151) | E29: =IF(B29=0,"Sem receita",IFERROR(D29/B29,"Sem receita")) | F29: =IFERROR(SUMPRODUCT(--('Serviços'!$C$2:$C$151=$A29),'Serviços'!$E$2:$E$151,'Serviços'!$I$2:$I$151)/60,0)

Sheet Parâmetros
A1: Parâmetros da análise | D1: Categoria
A2: Data inicial | B2: 46235 | D2: Corte
A3: Data final | B3: 46265 | D3: Barba
A4: Custo-hora produtiva | B4: 30 | C4: Estimativa gerencial do custo de uma hora produtiva; não representa cálculo trabalhista. | D4: Coloração
A5: Meta de margem | B5: 0.4 | D5: Tratamento capilar
A6: Meta de resultado por hora | B6: 35 | D6: Escova e finalização
D7: Unhas
A8: Dados de exemplo | C8: Todos os nomes, códigos, preços, durações e volumes usados nos exemplos são fictícios. | D8: Estética não clínica
A9: Limitação | C9: Aluguel, impostos, despesas administrativas e demais custos fixos não são calculados separadamente. | D9: Outros
A10: Escopo | C10: O custo-hora é uma estimativa editável, sem finalidade trabalhista, contábil ou fiscal. Esta pasta não apura lucro líquido.

Sheet Serviços
A1: Código | B1: Serviço | C1: Categoria | D1: Preço unitário | E1: Duração em minutos | F1: Materiais por serviço | G1: Repasse estimado | H1: Outros custos diretos | I1: Volume no período | J1: Custo do tempo | K1: Valor do repasse | L1: Custo direto unitário | M1: Resultado unitário | N1: Margem | O1: Receita por hora | P1: Resultado por hora | Q1: Receita no período | R1: Custo direto no período | S1: Resultado no período | T1: Situação
A2: SV-001 | B2: Corte Essencial | C2: Corte | D2: 65 | E2: 45 | F2: 3.5 | G2: 0.2 | H2: 1 | I2: 24 | J2: =IF(OR($B2="",$E2=""),"",IFERROR($E2/60*'Parâmetros'!$B$4,"")) | K2: =IF(OR($B2="",$D2="",$G2=""),"",$D2*$G2) | L2: =IF($B2="","",IF(COUNT($D2:$H2)<5,"",SUM($F2,$H2,$J2,$K2))) | M2: =IF(OR($B2="",$D2="",$L2=""),"",$D2-$L2) | N2: =IF($B2="","",IF($M2="","",IF($D2<=0,"Preço inválido",IFERROR($M2/$D2,"")))) | O2: =IF($B2="","",IF(OR($D2="",$E2=""),"",IF($E2<=0,"Duração inválida",IFERROR($D2/($E2/60),"")))) | P2: =IF($B2="","",IF(OR($M2="",$E2=""),"",IF($E2<=0,"Duração inválida",IFERROR($M2/($E2/60),"")))) | Q2: =IF($B2="","",IF(OR($D2="",$I2=""),"",$D2*$I2)) | R2: =IF($B2="","",IF(OR($L2="",$I2=""),"",$L2*$I2)) | S2: =IF($B2="","",IF(OR($M2="",$I2=""),"",$M2*$I2)) | T2: =IF($B2="","",IF(OR($A2="",$C2="",$D2="",$E2="",$F2="",$G2="",$H2="",$I2=""),"Dados incompletos",IF($D2<=0,"Rever preço",IF($E2<=0,"Rever duração",IF($L2>$D2,"Custo acima do preço",IF($N2<'Parâmetros'!$B$5,"Margem abaixo da meta",IF($P2<'Parâmetros'!$B$6,"Resultado/hora abaixo da meta","Dentro das metas")))))))
A3: SV-002 | B3: Escova Brilho | C3: Escova e finalização | D3: 80 | E3: 50 | F3: 8 | G3: 0.15 | H3: 2 | I3: 18 | J3: =IF(OR($B3="",$E3=""),"",IFERROR($E3/60*'Parâmetros'!$B$4,"")) | K3: =IF(OR($B3="",$D3="",$G3=""),"",$D3*$G3) | L3: =IF($B3="","",IF(COUNT($D3:$H3)<5,"",SUM($F3,$H3,$J3,$K3))) | M3: =IF(OR($B3="",$D3="",$L3=""),"",$D3-$L3) | N3: =IF($B3="","",IF($M3="","",IF($D3<=0,"Preço inválido",IFERROR($M3/$D3,"")))) | O3: =IF($B3="","",IF(OR($D3="",$E3=""),"",IF($E3<=0,"Duração inválida",IFERROR($D3/($E3/60),"")))) | P3: =IF($B3="","",IF(OR($M3="",$E3=""),"",IF($E3<=0,"Duração inválida",IFERROR($M3/($E3/60),"")))) | Q3: =IF($B3="","",IF(OR($D3="",$I3=""),"",$D3*$I3)) | R3: =IF($B3="","",IF(OR($L3="",$I3=""),"",$L3*$I3)) | S3: =IF($B3="","",IF(OR($M3="",$I3=""),"",$M3*$I3)) | T3: =IF($B3="","",IF(OR($A3="",$C3="",$D3="",$E3="",$F3="",$G3="",$H3="",$I3=""),"Dados incompletos",IF($D3<=0,"Rever preço",IF($E3<=0,"Rever duração",IF($L3>$D3,"Custo acima do preço",IF($N3<'Parâmetros'!$B$5,"Margem abaixo da meta",IF($P3<'Parâmetros'!$B$6,"Resultado/hora abaixo da meta","Dentro das metas")))))))
A4: SV-003 | B4: Coloração de Raiz | C4: Coloração | D4: 180 | E4: 120 | F4: 52 | G4: 0.2 | H4: 5 | I4: 8 | J4: =IF(OR($B4="",$E4=""),"",IFERROR($E4/60*'Parâmetros'!$B$4,"")) | K4: =IF(OR($B4="",$D4="",$G4=""),"",$D4*$G4) | L4: =IF($B4="","",IF(COUNT($D4:$H4)<5,"",SUM($F4,$H4,$J4,$K4))) | M4: =IF(OR($B4="",$D4="",$L4=""),"",$D4-$L4) | N4: =IF($B4="","",IF($M4="","",IF($D4<=0,"Preço inválido",IFERROR($M4/$D4,"")))) | O4: =IF($B4="","",IF(OR($D4="",$E4=""),"",IF($E4<=0,"Duração inválida",IFERROR($D4/($E4/60),"")))) | P4: =IF($B4="","",IF(OR($M4="",$E4=""),"",IF($E4<=0,"Duração inválida",IFERROR($M4/($E4/60),"")))) | Q4: =IF($B4="","",IF(OR($D4="",$I4=""),"",$D4*$I4)) | R4: =IF($B4="","",IF(OR($L4="",$I4=""),"",$L4*$I4)) | S4: =IF($B4="","",IF(OR($M4="",$I4=""),"",$M4*$I4)) | T4: =IF($B4="","",IF(OR($A4="",$C4="",$D4="",$E4="",$F4="",$G4="",$H4="",$I4=""),"Dados incompletos",IF($D4<=0,"Rever preço",IF($E4<=0,"Rever duração",IF($L4>$D4,"Custo acima do preço",IF($N4<'Parâmetros'!$B$5,"Margem abaixo da meta",IF($P4<'Parâmetros'!$B$6,"Resultado/hora abaixo da meta","Dentro das metas")))))))
A5: SV-004 | B5: Hidratação Nutritiva | C5: Tratamento capilar | D5: 95 | E5: 60 | F5: 18 | G5: 0.15 | H5: 2 | I5: 12 | J5: =IF(OR($B5="",$E5=""),"",IFERROR($E5/60*'Parâmetros'!$B$4,"")) | K5: =IF(OR($B5="",$D5="",$G5=""),"",$D5*$G5) | L5: =IF($B5="","",IF(COUNT($D5:$H5)<5,"",SUM($F5,$H5,$J5,$K5))) | M5: =IF(OR($B5="",$D5="",$L5=""),"",$D5-$L5) | N5: =IF($B5="","",IF($M5="","",IF($D5<=0,"Preço inválido",IFERROR($M5/$D5,"")))) | O5: =IF($B5="","",IF(OR($D5="",$E5=""),"",IF($E5<=0,"Duração inválida",IFERROR($D5/($E5/60),"")))) | P5: =IF($B5="","",IF(OR($M5="",$E5=""),"",IF($E5<=0,"Duração inválida",IFERROR($M5/($E5/60),"")))) | Q5: =IF($B5="","",IF(OR($D5="",$I5=""),"",$D5*$I5)) | R5: =IF($B5="","",IF(OR($L5="",$I5=""),"",$L5*$I5)) | S5: =IF($B5="","",IF(OR($M5="",$I5=""),"",$M5*$I5)) | T5: =IF($B5="","",IF(OR($A5="",$C5="",$D5="",$E5="",$F5="",$G5="",$H5="",$I5=""),"Dados incompletos",IF($D5<=0,"Rever preço",IF($E5<=0,"Rever duração",IF($L5>$D5,"Custo acima do preço",IF($N5<'Parâmetros'!$B$5,"Margem abaixo da meta",IF($P5<'Parâmetros'!$B$6,"Resultado/hora abaixo da meta","Dentro das metas")))))))
A6: SV-005 | B6: Manicure Tradicional | C6: Unhas | D6: 45 | E6: 50 | F6: 5 | G6: 0.25 | H6: 1 | I6: 30 | J6: =IF(OR($B6="",$E6=""),"",IFERROR($E6/60*'Parâmetros'!$B$4,"")) | K6: =IF(OR($B6="",$D6="",$G6=""),"",$D6*$G6) | L6: =IF($B6="","",IF(COUNT($D6:$H6)<5,"",SUM($F6,$H6,$J6,$K6))) | M6: =IF(OR($B6="",$D6="",$L6=""),"",$D6-$L6) | N6: =IF($B6="","",IF($M6="","",IF($D6<=0,"Preço inválido",IFERROR($M6/$D6,"")))) | O6: =IF($B6="","",IF(OR($D6="",$E6=""),"",IF($E6<=0,"Duração inválida",IFERROR($D6/($E6/60),"")))) | P6: =IF($B6="","",IF(OR($M6="",$E6=""),"",IF($E6<=0,"Duração inválida",IFERROR($M6/($E6/60),"")))) | Q6: =IF($B6="","",IF(OR($D6="",$I6=""),"",$D6*$I6)) | R6: =IF($B6="","",IF(OR($L6="",$I6=""),"",$L6*$I6)) | S6: =IF($B6="","",IF(OR($M6="",$I6=""),"",$M6*$I6)) | T6: =IF($B6="","",IF(OR($A6="",$C6="",$D6="",$E6="",$F6="",$G6="",$H6="",$I6=""),"Dados incompletos",IF($D6<=0,"Rever preço",IF($E6<=0,"Rever duração",IF($L6>$D6,"Custo acima do preço",IF($N6<'Parâmetros'!$B$5,"Margem abaixo da meta",IF($P6<'Parâmetros'!$B$6,"Resultado/hora abaixo da meta","Dentro das metas")))))))
A7: SV-006 | B7: Pedicure Tradicional | C7: Unhas | D7: 55 | E7: 60 | F7: 6 | G7: 0.25 | H7: 1.5 | I7: 20 | J7: =IF(OR($B7="",$E7=""),"",IFERROR($E7/60*'Parâmetros'!$B$4,"")) | K7: =IF(OR($B7="",$D7="",$G7=""),"",$D7*$G7) | L7: =IF($B7="","",IF(COUNT($D7:$H7)<5,"",SUM($F7,$H7,$J7,$K7))) | M7: =IF(OR($B7="",$D7="",$L7=""),"",$D7-$L7) | N7: =IF($B7="","",IF($M7="","",IF($D7<=0,"Preço inválido",IFERROR($M7/$D7,"")))) | O7: =IF($B7="","",IF(OR($D7="",$E7=""),"",IF($E7<=0,"Duração inválida",IFERROR($D7/($E7/60),"")))) | P7: =IF($B7="","",IF(OR($M7="",$E7=""),"",IF($E7<=0,"Duração inválida",IFERROR($M7/($E7/60),"")))) | Q7: =IF($B7="","",IF(OR($D7="",$I7=""),"",$D7*$I7)) | R7: =IF($B7="","",IF(OR($L7="",$I7=""),"",$L7*$I7)) | S7: =IF($B7="","",IF(OR($M7="",$I7=""),"",$M7*$I7)) | T7: =IF($B7="","",IF(OR($A7="",$C7="",$D7="",$E7="",$F7="",$G7="",$H7="",$I7=""),"Dados incompletos",IF($D7<=0,"Rever preço",IF($E7<=0,"Rever duração",IF($L7>$D7,"Custo acima do preço",IF($N7<'Parâmetros'!$B$5,"Margem abaixo da meta",IF($P7<'Parâmetros'!$B$6,"Resultado/hora abaixo da meta","Dentro das metas")))))))
A8: SV-007 | B8: Penteado Simples | C8: Escova e finalização | D8: 90 | E8: 90 | F8: 2 | G8: 0 | H8: 1 | I8: 15 | J8: =IF(OR($B8="",$E8=""),"",IFERROR($E8/60*'Parâmetros'!$B$4,"")) | K8: =IF(OR($B8="",$D8="",$G8=""),"",$D8*$G8) | L8: =IF($B8="","",IF(COUNT($D8:$H8)<5,"",SUM($F8,$H8,$J8,$K8))) | M8: =IF(OR($B8="",$D8="",$L8=""),"",$D8-$L8) | N8: =IF($B8="","",IF($M8="","",IF($D8<=0,"Preço inválido",IFERROR($M8/$D8,"")))) | O8: =IF($B8="","",IF(OR($D8="",$E8=""),"",IF($E8<=0,"Duração inválida",IFERROR($D8/($E8/60),"")))) | P8: =IF($B8="","",IF(OR($M8="",$E8=""),"",IF($E8<=0,"Duração inválida",IFERROR($M8/($E8/60),"")))) | Q8: =IF($B8="","",IF(OR($D8="",$I8=""),"",$D8*$I8)) | R8: =IF($B8="","",IF(OR($L8="",$I8=""),"",$L8*$I8)) | S8: =IF($B8="","",IF(OR($M8="",$I8=""),"",$M8*$I8)) | T8: =IF($B8="","",IF(OR($A8="",$C8="",$D8="",$E8="",$F8="",$G8="",$H8="",$I8=""),"Dados incompletos",IF($D8<=0,"Rever preço",IF($E8<=0,"Rever duração",IF($L8>$D8,"Custo acima do preço",IF($N8<'Parâmetros'!$B$5,"Margem abaixo da meta",IF($P8<'Parâmetros'!$B$6,"Resultado/hora abaixo da meta","Dentro das metas")))))))
A9: SV-008 | B9: Barba Clássica | C9: Barba | D9: 50 | E9: 35 | F9: 3.5 | G9: 0.2 | H9: 1 | I9: 10 | J9: =IF(OR($B9="",$E9=""),"",IFERROR($E9/60*'Parâmetros'!$B$4,"")) | K9: =IF(OR($B9="",$D9="",$G9=""),"",$D9*$G9) | L9: =IF($B9="","",IF(COUNT($D9:$H9)<5,"",SUM($F9,$H9,$J9,$K9))) | M9: =IF(OR($B9="",$D9="",$L9=""),"",$D9-$L9) | N9: =IF($B9="","",IF($M9="","",IF($D9<=0,"Preço inválido",IFERROR($M9/$D9,"")))) | O9: =IF($B9="","",IF(OR($D9="",$E9=""),"",IF($E9<=0,"Duração inválida",IFERROR($D9/($E9/60),"")))) | P9: =IF($B9="","",IF(OR($M9="",$E9=""),"",IF($E9<=0,"Duração inválida",IFERROR($M9/($E9/60),"")))) | Q9: =IF($B9="","",IF(OR($D9="",$I9=""),"",$D9*$I9)) | R9: =IF($B9="","",IF(OR($L9="",$I9=""),"",$L9*$I9)) | S9: =IF($B9="","",IF(OR($M9="",$I9=""),"",$M9*$I9)) | T9: =IF($B9="","",IF(OR($A9="",$C9="",$D9="",$E9="",$F9="",$G9="",$H9="",$I9=""),"Dados incompletos",IF($D9<=0,"Rever preço",IF($E9<=0,"Rever duração",IF($L9>$D9,"Custo acima do preço",IF($N9<'Parâmetros'!$B$5,"Margem abaixo da meta",IF($P9<'Parâmetros'!$B$6,"Resultado/hora abaixo da meta","Dentro das metas")))))))
A10: SV-009 | B10: Mechas Parciais | C10: Coloração | D10: 260 | E10: 180 | F10: 85 | G10: 0.2 | H10: 8 | I10: 6 | J10: =IF(OR($B10="",$E10=""),"",IFERROR($E10/60*'Parâmetros'!$B$4,"")) | K10: =IF(OR($B10="",$D10="",$G10=""),"",$D10*$G10) | L10: =IF($B10="","",IF(COUNT($D10:$H10)<5,"",SUM($F10,$H10,$J10,$K10))) | M10: =IF(OR($B10="",$D10="",$L10=""),"",$D10-$L10) | N10: =IF($B10="","",IF($M10="","",IF($D10<=0,"Preço inválido",IFERROR($M10/$D10,"")))) | O10: =IF($B10="","",IF(OR($D10="",$E10=""),"",IF($E10<=0,"Duração inválida",IFERROR($D10/($E10/60),"")))) | P10: =IF($B10="","",IF(OR($M10="",$E10=""),"",IF($E10<=0,"Duração inválida",IFERROR($M10/($E10/60),"")))) | Q10: =IF($B10="","",IF(OR($D10="",$I10=""),"",$D10*$I10)) | R10: =IF($B10="","",IF(OR($L10="",$I10=""),"",$L10*$I10)) | S10: =IF($B10="","",IF(OR($M10="",$I10=""),"",$M10*$I10)) | T10: =IF($B10="","",IF(OR($A10="",$C10="",$D10="",$E10="",$F10="",$G10="",$H10="",$I10=""),"Dados incompletos",IF($D10<=0,"Rever preço",IF($E10<=0,"Rever duração",IF($L10>$D10,"Custo acima do preço",IF($N10<'Parâmetros'!$B$5,"Margem abaixo da meta",IF($P10<'Parâmetros'!$B$6,"Resultado/hora abaixo da meta","Dentro das metas")))))))
A11: SV-010 | B11: Corte Express | C11: Corte | D11: 75 | E11: 30 | F11: 2 | G11: 0.15 | H11: 1 | I11: 16 | J11: =IF(OR($B11="",$E11=""),"",IFERROR($E11/60*'Parâmetros'!$B$4,"")) | K11: =IF(OR($B11="",$D11="",$G11=""),"",$D11*$G11) | L11: =IF($B11="","",IF(COUNT($D11:$H11)<5,"",SUM($F11,$H11,$J11,$K11))) | M11: =IF(OR($B11="",$D11="",$L11=""),"",$D11-$L11) | N11: =IF($B11="","",IF($M11="","",IF($D11<=0,"Preço inválido",IFERROR($M11/$D11,"")))) | O11: =IF($B11="","",IF(OR($D11="",$E11=""),"",IF($E11<=0,"Duração inválida",IFERROR($D11/($E11/60),"")))) | P11: =IF($B11="","",IF(OR($M11="",$E11=""),"",IF($E11<=0,"Duração inválida",IFERROR($M11/($E11/60),"")))) | Q11: =IF($B11="","",IF(OR($D11="",$I11=""),"",$D11*$I11)) | R11: =IF($B11="","",IF(OR($L11="",$I11=""),"",$L11*$I11)) | S11: =IF($B11="","",IF(OR($M11="",$I11=""),"",$M11*$I11)) | T11: =IF($B11="","",IF(OR($A11="",$C11="",$D11="",$E11="",$F11="",$G11="",$H11="",$I11=""),"Dados incompletos",IF($D11<=0,"Rever preço",IF($E11<=0,"Rever duração",IF($L11>$D11,"Custo acima do preço",IF($N11<'Parâmetros'!$B$5,"Margem abaixo da meta",IF($P11<'Parâmetros'!$B$6,"Resultado/hora abaixo da meta","Dentro das metas")))))))
J12: =IF(OR($B12="",$E12=""),"",IFERROR($E12/60*'Parâmetros'!$B$4,"")) | K12: =IF(OR($B12="",$D12="",$G12=""),"",$D12*$G12) | L12: =IF($B12="","",IF(COUNT($D12:$H12)<5,"",SUM($F12,$H12,$J12,$K12))) | M12: =IF(OR($B12="",$D12="",$L12=""),"",$D12-$L12) | N12: =IF($B12="","",IF($M12="","",IF($D12<=0,"Preço inválido",IFERROR($M12/$D12,"")))) | O12: =IF($B12="","",IF(OR($D12="",$E12=""),"",IF($E12<=0,"Duração inválida",IFERROR($D12/($E12/60),"")))) | P12: =IF($B12="","",IF(OR($M12="",$E12=""),"",IF($E12<=0,"Duração inválida",IFERROR($M12/($E12/60),"")))) | Q12: =IF($B12="","",IF(OR($D12="",$I12=""),"",$D12*$I12)) | R12: =IF($B12="","",IF(OR($L12="",$I12=""),"",$L12*$I12)) | S12: =IF($B12="","",IF(OR($M12="",$I12=""),"",$M12*$I12)) | T12: =IF($B12="","",IF(OR($A12="",$C12="",$D12="",$E12="",$F12="",$G12="",$H12="",$I12=""),"Dados incompletos",IF($D12<=0,"Rever preço",IF($E12<=0,"Rever duração",IF($L12>$D12,"Custo acima do preço",IF($N12<'Parâmetros'!$B$5,"Margem abaixo da meta",IF($P12<'Parâmetros'!$B$6,"Resultado/hora abaixo da meta","Dentro das metas")))))))
J13: =IF(OR($B13="",$E13=""),"",IFERROR($E13/60*'Parâmetros'!$B$4,"")) | K13: =IF(OR($B13="",$D13="",$G13=""),"",$D13*$G13) | L13: =IF($B13="","",IF(COUNT($D13:$H13)<5,"",SUM($F13,$H13,$J13,$K13))) | M13: =IF(OR($B13="",$D13="",$L13=""),"",$D13-$L13) | N13: =IF($B13="","",IF($M13="","",IF($D13<=0,"Preço inválido",IFERROR($M13/$D13,"")))) | O13: =IF($B13="","",IF(OR($D13="",$E13=""),"",IF($E13<=0,"Duração inválida",IFERROR($D13/($E13/60),"")))) | P13: =IF($B13="","",IF(OR($M13="",$E13=""),"",IF($E13<=0,"Duração inválida",IFERROR($M13/($E13/60),"")))) | Q13: =IF($B13="","",IF(OR($D13="",$I13=""),"",$D13*$I13)) | R13: =IF($B13="","",IF(OR($L13="",$I13=""),"",$L13*$I13)) | S13: =IF($B13="","",IF(OR($M13="",$I13=""),"",$M13*$I13)) | T13: =IF($B13="","",IF(OR($A13="",$C13="",$D13="",$E13="",$F13="",$G13="",$H13="",$I13=""),"Dados incompletos",IF($D13<=0,"Rever preço",IF($E13<=0,"Rever duração",IF($L13>$D13,"Custo acima do preço",IF($N13<'Parâmetros'!$B$5,"Margem abaixo da meta",IF($P13<'Parâmetros'!$B$6,"Resultado/hora abaixo da meta","Dentro das metas")))))))
J14: =IF(OR($B14="",$E14=""),"",IFERROR($E14/60*'Parâmetros'!$B$4,"")) | K14: =IF(OR($B14="",$D14="",$G14=""),"",$D14*$G14) | L14: =IF($B14="","",IF(COUNT($D14:$H14)<5,"",SUM($F14,$H14,$J14,$K14))) | M14: =IF(OR($B14="",$D14="",$L14=""),"",$D14-$L14) | N14: =IF($B14="","",IF($M14="","",IF($D14<=0,"Preço inválido",IFERROR($M14/$D14,"")))) | O14: =IF($B14="","",IF(OR($D14="",$E14=""),"",IF($E14<=0,"Duração inválida",IFERROR($D14/($E14/60),"")))) | P14: =IF($B14="","",IF(OR($M14="",$E14=""),"",IF($E14<=0,"Duração inválida",IFERROR($M14/($E14/60),"")))) | Q14: =IF($B14="","",IF(OR($D14="",$I14=""),"",$D14*$I14)) | R14: =IF($B14="","",IF(OR($L14="",$I14=""),"",$L14*$I14)) | S14: =IF($B14="","",IF(OR($M14="",$I14=""),"",$M14*$I14)) | T14: =IF($B14="","",IF(OR($A14="",$C14="",$D14="",$E14="",$F14="",$G14="",$H14="",$I14=""),"Dados incompletos",IF($D14<=0,"Rever preço",IF($E14<=0,"Rever duração",IF($L14>$D14,"Custo acima do preço",IF($N14<'Parâmetros'!$B$5,"Margem abaixo da meta",IF($P14<'Parâmetros'!$B$6,"Resultado/hora abaixo da meta","Dentro das metas")))))))
J15: =IF(OR($B15="",$E15=""),"",IFERROR($E15/60*'Parâmetros'!$B$4,"")) | K15: =IF(OR($B15="",$D15="",$G15=""),"",$D15*$G15) | L15: =IF($B15="","",IF(COUNT($D15:$H15)<5,"",SUM($F15,$H15,$J15,$K15))) | M15: =IF(OR($B15="",$D15="",$L15=""),"",$D15-$L15) | N15: =IF($B15="","",IF($M15="","",IF($D15<=0,"Preço inválido",IFERROR($M15/$D15,"")))) | O15: =IF($B15="","",IF(OR($D15="",$E15=""),"",IF($E15<=0,"Duração inválida",IFERROR($D15/($E15/60),"")))) | P15: =IF($B15="","",IF(OR($M15="",$E15=""),"",IF($E15<=0,"Duração inválida",IFERROR($M15/($E15/60),"")))) | Q15: =IF($B15="","",IF(OR($D15="",$I15=""),"",$D15*$I15)) | R15: =IF($B15="","",IF(OR($L15="",$I15=""),"",$L15*$I15)) | S15: =IF($B15="","",IF(OR($M15="",$I15=""),"",$M15*$I15)) | T15: =IF($B15="","",IF(OR($A15="",$C15="",$D15="",$E15="",$F15="",$G15="",$H15="",$I15=""),"Dados incompletos",IF($D15<=0,"Rever preço",IF($E15<=0,"Rever duração",IF($L15>$D15,"Custo acima do preço",IF($N15<'Parâmetros'!$B$5,"Margem abaixo da meta",IF($P15<'Parâmetros'!$B$6,"Resultado/hora abaixo da meta","Dentro das metas")))))))
J16: =IF(OR($B16="",$E16=""),"",IFERROR($E16/60*'Parâmetros'!$B$4,"")) | K16: =IF(OR($B16="",$D16="",$G16=""),"",$D16*$G16) | L16: =IF($B16="","",IF(COUNT($D16:$H16)<5,"",SUM($F16,$H16,$J16,$K16))) | M16: =IF(OR($B16="",$D16="",$L16=""),"",$D16-$L16) | N16: =IF($B16="","",IF($M16="","",IF($D16<=0,"Preço inválido",IFERROR($M16/$D16,"")))) | O16: =IF($B16="","",IF(OR($D16="",$E16=""),"",IF($E16<=0,"Duração inválida",IFERROR($D16/($E16/60),"")))) | P16: =IF($B16="","",IF(OR($M16="",$E16=""),"",IF($E16<=0,"Duração inválida",IFERROR($M16/($E16/60),"")))) | Q16: =IF($B16="","",IF(OR($D16="",$I16=""),"",$D16*$I16)) | R16: =IF($B16="","",IF(OR($L16="",$I16=""),"",$L16*$I16)) | S16: =IF($B16="","",IF(OR($M16="",$I16=""),"",$M16*$I16)) | T16: =IF($B16="","",IF(OR($A16="",$C16="",$D16="",$E16="",$F16="",$G16="",$H16="",$I16=""),"Dados incompletos",IF($D16<=0,"Rever preço",IF($E16<=0,"Rever duração",IF($L16>$D16,"Custo acima do preço",IF($N16<'Parâmetros'!$B$5,"Margem abaixo da meta",IF($P16<'Parâmetros'!$B$6,"Resultado/hora abaixo da meta","Dentro das metas")))))))
J17: =IF(OR($B17="",$E17=""),"",IFERROR($E17/60*'Parâmetros'!$B$4,"")) | K17: =IF(OR($B17="",$D17="",$G17=""),"",$D17*$G17) | L17: =IF($B17="","",IF(COUNT($D17:$H17)<5,"",SUM($F17,$H17,$J17,$K17))) | M17: =IF(OR($B17="",$D17="",$L17=""),"",$D17-$L17) | N17: =IF($B17="","",IF($M17="","",IF($D17<=0,"Preço inválido",IFERROR($M17/$D17,"")))) | O17: =IF($B17="","",IF(OR($D17="",$E17=""),"",IF($E17<=0,"Duração inválida",IFERROR($D17/($E17/60),"")))) | P17: =IF($B17="","",IF(OR($M17="",$E17=""),"",IF($E17<=0,"Duração inválida",IFERROR($M17/($E17/60),"")))) | Q17: =IF($B17="","",IF(OR($D17="",$I17=""),"",$D17*$I17)) | R17: =IF($B17="","",IF(OR($L17="",$I17=""),"",$L17*$I17)) | S17: =IF($B17="","",IF(OR($M17="",$I17=""),"",$M17*$I17)) | T17: =IF($B17="","",IF(OR($A17="",$C17="",$D17="",$E17="",$F17="",$G17="",$H17="",$I17=""),"Dados incompletos",IF($D17<=0,"Rever preço",IF($E17<=0,"Rever duração",IF($L17>$D17,"Custo acima do preço",IF($N17<'Parâmetros'!$B$5,"Margem abaixo da meta",IF($P17<'Parâmetros'!$B$6,"Resultado/hora abaixo da meta","Dentro das metas")))))))
J18: =IF(OR($B18="",$E18=""),"",IFERROR($E18/60*'Parâmetros'!$B$4,"")) | K18: =IF(OR($B18="",$D18="",$G18=""),"",$D18*$G18) | L18: =IF($B18="","",IF(COUNT($D18:$H18)<5,"",SUM($F18,$H18,$J18,$K18))) | M18: =IF(OR($B18="",$D18="",$L18=""),"",$D18-$L18) | N18: =IF($B18="","",IF($M18="","",IF($D18<=0,"Preço inválido",IFERROR($M18/$D18,"")))) | O18: =IF($B18="","",IF(OR($D18="",$E18=""),"",IF($E18<=0,"Duração inválida",IFERROR($D18/($E18/60),"")))) | P18: =IF($B18="","",IF(OR($M18="",$E18=""),"",IF($E18<=0,"Duração inválida",IFERROR($M18/($E18/60),"")))) | Q18: =IF($B18="","",IF(OR($D18="",$I18=""),"",$D18*$I18)) | R18: =IF($B18="","",IF(OR($L18="",$I18=""),"",$L18*$I18)) | S18: =IF($B18="","",IF(OR($M18="",$I18=""),"",$M18*$I18)) | T18: =IF($B18="","",IF(OR($A18="",$C18="",$D18="",$E18="",$F18="",$G18="",$H18="",$I18=""),"Dados incompletos",IF($D18<=0,"Rever preço",IF($E18<=0,"Rever duração",IF($L18>$D18,"Custo acima do preço",IF($N18<'Parâmetros'!$B$5,"Margem abaixo da meta",IF($P18<'Parâmetros'!$B$6,"Resultado/hora abaixo da meta","Dentro das metas")))))))
J19: =IF(OR($B19="",$E19=""),"",IFERROR($E19/60*'Parâmetros'!$B$4,"")) | K19: =IF(OR($B19="",$D19="",$G19=""),"",$D19*$G19) | L19: =IF($B19="","",IF(COUNT($D19:$H19)<5,"",SUM($F19,$H19,$J19,$K19))) | M19: =IF(OR($B19="",$D19="",$L19=""),"",$D19-$L19) | N19: =IF($B19="","",IF($M19="","",IF($D19<=0,"Preço inválido",IFERROR($M19/$D19,"")))) | O19: =IF($B19="","",IF(OR($D19="",$E19=""),"",IF($E19<=0,"Duração inválida",IFERROR($D19/($E19/60),"")))) | P19: =IF($B19="","",IF(OR($M19="",$E19=""),"",IF($E19<=0,"Duração inválida",IFERROR($M19/($E19/60),"")))) | Q19: =IF($B19="","",IF(OR($D19="",$I19=""),"",$D19*$I19)) | R19: =IF($B19="","",IF(OR($L19="",$I19=""),"",$L19*$I19)) | S19: =IF($B19="","",IF(OR($M19="",$I19=""),"",$M19*$I19)) | T19: =IF($B19="","",IF(OR($A19="",$C19="",$D19="",$E19="",$F19="",$G19="",$H19="",$I19=""),"Dados incompletos",IF($D19<=0,"Rever preço",IF($E19<=0,"Rever duração",IF($L19>$D19,"Custo acima do preço",IF($N19<'Parâmetros'!$B$5,"Margem abaixo da meta",IF($P19<'Parâmetros'!$B$6,"Resultado/hora abaixo da meta","Dentro das metas")))))))
J20: =IF(OR($B20="",$E20=""),"",IFERROR($E20/60*'Parâmetros'!$B$4,"")) | K20: =IF(OR($B20="",$D20="",$G20=""),"",$D20*$G20) | L20: =IF($B20="","",IF(COUNT($D20:$H20)<5,"",SUM($F20,$H20,$J20,$K20))) | M20: =IF(OR($B20="",$D20="",$L20=""),"",$D20-$L20) | N20: =IF($B20="","",IF($M20="","",IF($D20<=0,"Preço inválido",IFERROR($M20/$D20,"")))) | O20: =IF($B20="","",IF(OR($D20="",$E20=""),"",IF($E20<=0,"Duração inválida",IFERROR($D20/($E20/60),"")))) | P20: =IF($B20="","",IF(OR($M20="",$E20=""),"",IF($E20<=0,"Duração inválida",IFERROR($M20/($E20/60),"")))) | Q20: =IF($B20="","",IF(OR($D20="",$I20=""),"",$D20*$I20)) | R20: =IF($B20="","",IF(OR($L20="",$I20=""),"",$L20*$I20)) | S20: =IF($B20="","",IF(OR($M20="",$I20=""),"",$M20*$I20)) | T20: =IF($B20="","",IF(OR($A20="",$C20="",$D20="",$E20="",$F20="",$G20="",$H20="",$I20=""),"Dados incompletos",IF($D20<=0,"Rever preço",IF($E20<=0,"Rever duração",IF($L20>$D20,"Custo acima do preço",IF($N20<'Parâmetros'!$B$5,"Margem abaixo da meta",IF($P20<'Parâmetros'!$B$6,"Resultado/hora abaixo da meta","Dentro das metas")))))))
J21: =IF(OR($B21="",$E21=""),"",IFERROR($E21/60*'Parâmetros'!$B$4,"")) | K21: =IF(OR($B21="",$D21="",$G21=""),"",$D21*$G21) | L21: =IF($B21="","",IF(COUNT($D21:$H21)<5,"",SUM($F21,$H21,$J21,$K21))) | M21: =IF(OR($B21="",$D21="",$L21=""),"",$D21-$L21) | N21: =IF($B21="","",IF($M21="","",IF($D21<=0,"Preço inválido",IFERROR($M21/$D21,"")))) | O21: =IF($B21="","",IF(OR($D21="",$E21=""),"",IF($E21<=0,"Duração inválida",IFERROR($D21/($E21/60),"")))) | P21: =IF($B21="","",IF(OR($M21="",$E21=""),"",IF($E21<=0,"Duração inválida",IFERROR($M21/($E21/60),"")))) | Q21: =IF($B21="","",IF(OR($D21="",$I21=""),"",$D21*$I21)) | R21: =IF($B21="","",IF(OR($L21="",$I21=""),"",$L21*$I21)) | S21: =IF($B21="","",IF(OR($M21="",$I21=""),"",$M21*$I21)) | T21: =IF($B21="","",IF(OR($A21="",$C21="",$D21="",$E21="",$F21="",$G21="",$H21="",$I21=""),"Dados incompletos",IF($D21<=0,"Rever preço",IF($E21<=0,"Rever duração",IF($L21>$D21,"Custo acima do preço",IF($N21<'Parâmetros'!$B$5,"Margem abaixo da meta",IF($P21<'Parâmetros'!$B$6,"Resultado/hora abaixo da meta","Dentro das metas")))))))
J22: =IF(OR($B22="",$E22=""),"",IFERROR($E22/60*'Parâmetros'!$B$4,"")) | K22: =IF(OR($B22="",$D22="",$G22=""),"",$D22*$G22) | L22: =IF($B22="","",IF(COUNT($D22:$H22)<5,"",SUM($F22,$H22,$J22,$K22))) | M22: =IF(OR($B22="",$D22="",$L22=""),"",$D22-$L22) | N22: =IF($B22="","",IF($M22="","",IF($D22<=0,"Preço inválido",IFERROR($M22/$D22,"")))) | O22: =IF($B22="","",IF(OR($D22="",$E22=""),"",IF($E22<=0,"Duração inválida",IFERROR($D22/($E22/60),"")))) | P22: =IF($B22="","",IF(OR($M22="",$E22=""),"",IF($E22<=0,"Duração inválida",IFERROR($M22/($E22/60),"")))) | Q22: =IF($B22="","",IF(OR($D22="",$I22=""),"",$D22*$I22)) | R22: =IF($B22="","",IF(OR($L22="",$I22=""),"",$L22*$I22)) | S22: =IF($B22="","",IF(OR($M22="",$I22=""),"",$M22*$I22)) | T22: =IF($B22="","",IF(OR($A22="",$C22="",$D22="",$E22="",$F22="",$G22="",$H22="",$I22=""),"Dados incompletos",IF($D22<=0,"Rever preço",IF($E22<=0,"Rever duração",IF($L22>$D22,"Custo acima do preço",IF($N22<'Parâmetros'!$B$5,"Margem abaixo da meta",IF($P22<'Parâmetros'!$B$6,"Resultado/hora abaixo da meta","Dentro das metas")))))))
J23: =IF(OR($B23="",$E23=""),"",IFERROR($E23/60*'Parâmetros'!$B$4,"")) | K23: =IF(OR($B23="",$D23="",$G23=""),"",$D23*$G23) | L23: =IF($B23="","",IF(COUNT($D23:$H23)<5,"",SUM($F23,$H23,$J23,$K23))) | M23: =IF(OR($B23="",$D23="",$L23=""),"",$D23-$L23) | N23: =IF($B23="","",IF($M23="","",IF($D23<=0,"Preço inválido",IFERROR($M23/$D23,"")))) | O23: =IF($B23="","",IF(OR($D23="",$E23=""),"",IF($E23<=0,"Duração inválida",IFERROR($D23/($E23/60),"")))) | P23: =IF($B23="","",IF(OR($M23="",$E23=""),"",IF($E23<=0,"Duração inválida",IFERROR($M23/($E23/60),"")))) | Q23: =IF($B23="","",IF(OR($D23="",$I23=""),"",$D23*$I23)) | R23: =IF($B23="","",IF(OR($L23="",$I23=""),"",$L23*$I23)) | S23: =IF($B23="","",IF(OR($M23="",$I23=""),"",$M23*$I23)) | T23: =IF($B23="","",IF(OR($A23="",$C23="",$D23="",$E23="",$F23="",$G23="",$H23="",$I23=""),"Dados incompletos",IF($D23<=0,"Rever preço",IF($E23<=0,"Rever duração",IF($L23>$D23,"Custo acima do preço",IF($N23<'Parâmetros'!$B$5,"Margem abaixo da meta",IF($P23<'Parâmetros'!$B$6,"Resultado/hora abaixo da meta","Dentro das metas")))))))
... J151: =IF(OR($B151="",$E151=""),"",IFERROR($E151/60*'Parâmetros'!$B$4,"")) | K151: =IF(OR($B151="",$D151="",$G151=""),"",$D151*$G151) | L151: =IF($B151="","",IF(COUNT($D151:$H151)<5,"",SUM($F151,$H151,$J151,$K151))) | M151: =IF(OR($B151="",$D151="",$L151=""),"",$D151-$L151) | N151: =IF($B151="","",IF($M151="","",IF($D151<=0,"Preço inválido",IFERROR($M151/$D151,"")))) | O151: =IF($B151="","",IF(OR($D151="",$E151=""),"",IF($E151<=0,"Duração inválida",IFERROR($D151/($E151/60),"")))) | P151: =IF($B151="","",IF(OR($M151="",$E151=""),"",IF($E151<=0,"Duração inválida",IFERROR($M151/($E151/60),"")))) | Q151: =IF($B151="","",IF(OR($D151="",$I151=""),"",$D151*$I151)) | R151: =IF($B151="","",IF(OR($L151="",$I151=""),"",$L151*$I151)) | S151: =IF($B151="","",IF(OR($M151="",$I151=""),"",$M151*$I151)) | T151: =IF($B151="","",IF(OR($A151="",$C151="",$D151="",$E151="",$F151="",$G151="",$H151="",$I151=""),"Dados incompletos",IF($D151<=0,"Rever preço",IF($E151<=0,"Rever duração",IF($L151>$D151,"Custo acima do preço",IF($N151<'Parâmetros'!$B$5,"Margem abaixo da meta",IF($P151<'Parâmetros'!$B$6,"Resultado/hora abaixo da meta","Dentro das metas")))))))
